Map: Ruby Rock LE

Players

DmitryK

  • Race: Terran Terran
  • League: Platinum
  • Spawn Location: 11:00

Falamir - Winner!

  • Race: Terran Terran
  • League: Master
  • Spawn Location: 5:00

VOD

Have the link to the VOD?

Description

Time

  • Played on: March 8, 2026, 3:45 p.m.
  • Length: 7:11
Show
View Real Time Build Order
Export as new Build Order

DmitryK Terran 

Build Orders:  

Get SALT Encoding   

  12  0:00  SCV  
  13  0:12  SCV  
  14  0:17  Supply Depot  
  14  0:24  SCV  
  15  0:38  SCV  
  15  0:40  Barracks  
  16  0:43  Refinery  
  16  0:51  SCV  
  16  0:53  Refinery  
  17  1:03  SCV  
  18  1:15  SCV  
  19  1:27  Barracks Reactor  
  19  1:28  Orbital Command  
  19  1:29  Supply Depot  
  19  1:43  Factory  
  19  1:54  SCV  
  20  2:03  Reaper  
  20  2:06  Reaper  
  22  2:10  SCV  
  23  2:22  SCV  
  22  2:35  Reaper  
  22  2:39  Reaper  
  22  3:03  Hellion  
  22  3:25  Hellion  
  19  3:35  Reaper  
  20  3:45  SCV  
  21  3:55  Command Center  
  21  3:59  Factory Tech Lab  
  21  4:06  Reaper  
  22  4:26  SCV  
  22  4:27  Siege Tank  
  25  4:38  SCV  
  21  4:59  Siege Tank  
  24  5:10  Orbital Command  
  24  5:22  Starport  
  24  5:23  SCV  
  25  5:35  SCV  
  26  5:39  Reaper  
  27  5:52  SCV  
  29  6:04  SCV  
  29  6:05  Siege Tank  
  32  6:16  SCV  
  33  6:18  Viking  
Show
View Real Time Build Order
Export as new Build Order

Falamir Terran - Winner!

Build Orders:  

Get SALT Encoding   

  12  0:00  SCV  
  13  0:12  SCV  
  14  0:18  Supply Depot  
  14  0:41  Barracks  
  14  0:44  Barracks  
  14  0:50  Refinery  
  14  0:59  Refinery  
  14  1:12  SCV  
  15  1:28  Reaper  
  15  1:31  Supply Depot  
  16  1:37  Reaper  
  17  1:54  Orbital Command  
  17  2:00  Reaper  
  18  2:09  Reaper  
  18  2:31  SCV  
  18  2:33  Factory  
  19  2:53  Reaper x2  
  19  2:55  SCV  
  20  3:29  Reaper x2  
  20  3:30  Hellion  
  23  3:39  SCV  
  23  3:41  Starport  
  23  3:42  Supply Depot  
  23  3:52  SCV, Hellion  
  26  4:01  Reaper x2  
  28  4:07  SCV  
  29  4:13  Hellion  
  30  4:26  Starport Tech Lab  
  30  4:33  Reaper  
  29  4:58  Banshee, Cloaking Field  
  30  5:11  Factory Tech Lab  
  30  5:19  Barracks Reactor  
  30  5:24  Supply Depot, Command Center, Engineering Bay  
  30  5:43  Banshee  
  33  5:58  Reaper  
  34  6:26  Banshee  
Tags
 
Matchup
ТvТ
Spawn Locations
Cross Positions
Add a new tag
Caveats
  • Supply blocks, unpowered buildings, or Contaminate may cause inaccurate times.
  • Supply counts are checked every 10 seconds.